 Dungeon Crawl Stone Soup version 0.28.0-47-ge53b351184 (webtiles) character file.

Game seed: 8656316402572151750

215 OTABOTABOTAB the Shield-Bearer (level 6, -1/48 HPs)
             Began as a Formicid Fighter on May 3, 2022.
             Slain by Grinder (6 damage)
             ... on level 3 of the Dungeon.
             The game lasted 00:01:47 (2099 turns).

OTABOTABOTAB the Shield-Bearer (Formicid Fighter)   Turns: 2099, Time: 00:01:48

Health: -1/48      AC:  7    Str: 23    XL:     6   Next: 15%
Magic:  6/6        EV:  9    Int:  7    God:
Gold:   25         SH:  9    Dex: 10    Spells: 5/5 levels left

rFire   . . .      SeeInvis +   a - +0 war axe
rCold   . . .      Faith    .   c - +0 buckler
rNeg    . . .      Spirit   .   b - +0 scale mail
rPois   .          Reflect  +   (helmet unavailable)
rElec   .          Harm     .   (no cloak)
rCorr   .          Rampage  .   (no gloves)
Will    .....                   (no boots)
Stlth   ..........              h - amulet of reflection
HPRegen 0.16/turn               (no ring)
MPRegen 0.10/turn               (no ring)

@: no status effects
A: permanent stasis, dig shafts and tunnels, antennae 3, four strong arms
a: Dig, Shaft Self


You were on level 3 of the Dungeon.
You visited 1 branch of the dungeon, and saw 3 of its levels.

You collected 25 gold pieces.

Inventory:

Hand Weapons
 a - a +0 war axe (weapon)
Missiles
 e - 32 arrows
 l - 52 sling bullets
 s - 32 stones
Armour
 b - a +0 scale mail (worn)
 c - a +0 buckler (worn)
Jewellery
 h - an amulet of reflection (around neck)
   (You found it on level 1 of the Dungeon)
Wands
 i - a wand of iceblast (9)
   (You found it on level 2 of the Dungeon)
Scrolls
 d - a scroll of identify {unknown}
 f - a scroll of amnesia {unknown}
 k - a scroll of teleportation {unknown}
 p - a scroll of blinking {unknown}
 r - a scroll of noise {unknown}
 t - 3 scrolls of fear {unknown}
Potions
 g - 2 potions of curing {unknown}
 j - a potion of flight {unknown}
 m - a potion of haste {unknown}
 n - a potion of mutation {unknown}
 q - a potion of attraction {unknown}


   Skills:
 + Level 4.2 Fighting
 * Level 4.0 Axes
 + Level 4.3 Armour
 + Level 4.7 Shields


You had 5 spell levels left.
You didn't know any spells.
Your spell library contained the following spells:

 Spells                   Type           Power      Damage    Failure   Level
 Corpse Rot               Necr/Air       0%         N/A       91%         2
 Ensorcelled Hibernation  Hex/Ice        0%         N/A       91%         2
 Passwall                 Tmut/Erth      0%         N/A       91%         2
 Poisonous Vapours        Pois/Air       0%         N/A       91%         2
 Swiftness                Air            Unusable   N/A       N/A         3

Dungeon Overview and Level Annotations

Branches:
Dungeon (3/15)

Altars:

Annotations:
D:3 Grinder


Innate Abilities, Weirdness & Mutations

You cannot be hasted, slowed, berserked, paralysed or teleported.
You can dig through walls and to a lower floor.
You have a pair of large antennae on your head. (SInv)
Your four strong arms can wield two-handed weapons with a shield.


Message History

You block the kobold's attack.
You closely miss the kobold. The kobold hits you but does no damage.
A kobold is nearby!
You slash the kobold!
You kill the kobold!
r - a scroll labelled ZOORHAENEM
Things that are here:
a +0 club; a kobold corpse No target in view!
t - 3 scrolls labelled KUOLLI XIAMMO No target in view!
There is an open door here.
You see here a bat corpse.
Found an escape hatch in the ceiling.
There is an open door here.
No target in view!
There is an escape hatch in the ceiling here.
You see here a bat corpse.
There is an open door here.
There is an open door here.
An endoplasm comes into view.
The endoplasm quivers.
Found a stone staircase leading up.
An endoplasm is nearby!
An endoplasm is nearby!
You slash the endoplasm!
You kill the endoplasm!
Done exploring.
No target in view!
Done exploring.
No target in view!
Done exploring.
No target in view!
Done exploring.
No target in view!
Done exploring.
No target in view!
Done exploring.
Done exploring.
Done exploring.
Done exploring.
You drop an amulet of the acrobat.
Done exploring.
Done exploring.
Done exploring.
(D) Dungeon
Where to? (Enter - D:2, ? - help)
There is a stone staircase leading down here.
You climb downwards.
Grinder shouts!
Found 11 gold pieces.
Found a stone staircase leading down.
There is a stone staircase leading up here.
There are monsters nearby!
There are monsters nearby!
There are monsters nearby!
There are monsters nearby!
A kobold comes into view. It is wielding a +0 short sword.
Unknown command.
There is a stone staircase leading up here.
Okay, then.
There's something in the way.
There's something in the way.
There's something in the way.
There's something in the way.
There's something in the way.
You slash Grinder! Grinder hits you. Grinder gestures at you.
Pain shoots through your body!
You take 19 damage, and have 29/48 hp.
MASSIVE DAMAGE!!
You hit Grinder but do no damage. Grinder gestures at you.
Pain shoots through your body!
You take 5 damage, and have 24/48 hp.
You hit Grinder. Grinder hits you.
You take 5 damage, and have 19/48 hp.
You barely miss Grinder. Grinder gestures at you.
Pain shoots through your body!
* * * LOW HITPOINT WARNING * * *
You block Grinder's attack.
You take 10 damage, and have 9/48 hp.
MASSIVE DAMAGE!!
You barely miss Grinder.
Grinder says, "Just stop there for a second..."
You block Grinder's attack.
You hit Grinder. Grinder barely misses you.
You closely miss Grinder. You block Grinder's attack. x2
You slash Grinder! Grinder gestures at you. You resist with some effort.
You hit Grinder. Grinder hits you.
* * * LOW HITPOINT WARNING * * *
You take 1 damage, and have 9/48 hp.
You barely miss Grinder.
Grinder says, "There's only one good use for a tongue: cutting it out."
Grinder hits you but does no damage. Grinder hits you.
* * * LOW HITPOINT WARNING * * *
You writhe in agony.
You die...

.. .# .# # .# #
#. .##.# #.###
... ..#.#.# .
K.# #.#@.# $..
.....#5###...##
.......K{.......
#.....#.........
#.#....>........
#..............
#........o....#
#..#..........##
#....$........#


You could see Grinder and a kobold.

Vanquished Creatures
  Sigmund (D:2)
  2 worms (D:2)
  A dart slug (D:1)
  6 bats
  3 endoplasms
  2 giant cockroaches (D:1)
  4 goblins
  4 hobgoblins
  5 kobolds
  2 quokkas
  6 ball pythons
  A frilled lizard (D:1)
  3 rats
40 creatures vanquished.

Notes
Turn   | Place    | Note
-------+----------+-------------------------------------------
     0 | D:1      | OTABOTABOTAB the Formicid Fighter began the quest for the
                  | Orb.
     0 | D:1      | Reached XP level 1. HP: 18/18 MP: 1/1
   184 | D:1      | Reached XP level 2. HP: 23/24 MP: 2/2
   456 | D:1      | Found a faded altar of an unknown god.
   547 | D:1      | Reached XP level 3. HP: 24/29 MP: 3/3
  1062 | D:2      | Reached skill level 4 in Shields
  1254 | D:2      | Noticed Sigmund
  1271 | D:2      | Killed Sigmund
  1272 | D:2      | Reached skill level 4 in Fighting
  1272 | D:2      | Reached skill level 3 in Axes
  1272 | D:2      | Reached skill level 4 in Armour
  1272 | D:2      | Reached XP level 4. HP: 11/37 MP: 4/4
  1272 | D:2      | Reached XP level 5. HP: 13/42 MP: 5/5
  1272 | D:2      | Reached XP level 6. HP: 14/48 MP: 6/6
  1635 | D:2      | Reached skill level 4 in Axes
  2082 | D:3      | Noticed Grinder
  2093 | D:3      | HP: 9/48 [Grinder/nerve-wracking pain (10)]
  2098 | D:3      | HP: 9/48 [Grinder (2)]
  2099 | D:3      | Slain by Grinder

Illustrated notes

Levels and vault maps discovered:
D:1:      dpeg_chamrin_arrival_tetris, layout_loops_ring,
          dreamdust_ecumenical_altar_grove, st_stairs_11,
          hangedman_decor_lopped, minmay_shallow_snake_nest
D:2:      layout_basic, minivault_23, minmay_pentomino_o2, uniq_sigmund
D:3:      layout_loops_ring, uniq_grinder, uniq_crazy_yiuf_cottage, uniq_pargi

Skill      XL: |  1  2  3  4  5  6 |
---------------+-------------------+-----
Shields        | 4 |  4.7
Fighting       | 4 |  4.2
Axes           | 3 4 |  4.0
Armour         | 4 |  4.3

Action                   |  1- 3 |  4- 6 || total
-------------------------+-------+-------++-------
Melee: War axe           |    99 |    36 ||   135
Throw: Stone             |    55 |     5 ||    60
  Use: Potion            |     1 |       ||     1
Armor: Scale mail        |    51 |     9 ||    60
Dodge: Dodged            |    36 |     7 ||    43
Block: Buckler           |    34 |    14 ||    48

Table legend: (Time is in decaauts)
 A = Elapsed time spent in this place.
 B = Non-inter-level travel time spent in this place.
 C = Inter-level travel time spent in this place.
 D = Time resting spent in this place.
 E = Time spent auto-exploring this place.
 F = Levels seen in this place.
 G = Mean time per level.
                   A        B        C        D        E       F      G
               +--------+--------+--------+--------+--------+-----+--------+
         Total |   2157 |   2085 |     72 |     40 |   1667 |   3 |  719.0 |
       Dungeon |   2157 |   2085 |     72 |     40 |   1667 |   3 |  719.0 |
               +--------+--------+--------+--------+--------+-----+--------+

Top non-repeatable levels by time:
     D:2: 1198 daAuts
     D:1: 938 daAuts
     D:3: 19 daAuts

Table legend:
 A = Kills in this place as a percentage of kills in entire the game.
 B = Kills by you in this place as a percentage of kills by you in the entire game.
 C = Kills by friends in this place as a percentage of kills by friends in the entire game.
 D = Other kills in this place as a percentage of other kills in the entire game.
 E = Experience gained in this place as a percentage of experience gained in the entire game.
 F = Experience gained in this place divided by the number of levels of this place that you have seen.
                   A       B       C       D       E      F
               +-------+-------+-------+-------+-------+----------------------
         Total | 100.0 | 100.0 |   N/A |   N/A | 100.0 | 102.7
       Dungeon | 100.0 | 100.0 |   N/A |   N/A | 100.0 | 102.7
               +-------+-------+-------+-------+-------+----------------------
